 Dungeon Crawl Stone Soup version 0.18-a0-1229-ge9a1a01 (webtiles) character file.

8654 TheOrbIsALie the Destroyer (level 11, -4/68 HPs)
             Began as a Demonspawn Wizard on Feb 3, 2016.
             Was a High Priest of Sif Muna.
             Slain by an unseen horror (13 damage)
             ... on level 11 of the Dungeon.
             The game lasted 00:34:23 (11123 turns).

TheOrbIsALie the Destroyer (Demonspawn Wizard)     Turns: 11123, Time: 00:34:23

Health: -4/68      AC:  9    Str: 12    XL:     11   Next: 12%
Magic:  22/32      EV: 11    Int: 24    God:    Sif Muna [*****.]
Gold:   631        SH:  0    Dex: 11    Spells: 4 memorised, 17 levels left

rFire  + . .     SeeInvis .     S - +8 dagger of Vaudd {venom, MP+9 Str+5}
rCold  . . .     Gourm    .     a - +0 robe
rNeg   . . .     Faith    .     (no shield)
rPois  .         Spirit   .     b - +0 hat
rElec  .         Dismiss  .     G - +0 cloak
rCorr  .         Reflect  .     (no gloves)
SustAt .         Harm     +     (no boots)
MR     .....                    x - amulet of harm
Stlth  ++........               r - +3 ring of protection
                                J - ring of protection from fire

@: not resistant to hostile enchantments, unstealthy
A: antennae 1, icy blue scales 2, powered by pain 2
a: Channel Energy, Forget Spell, Renounce Religion


You were on level 11 of the Dungeon.
You worshipped Sif Muna.
Sif Muna was extremely pleased with you.
You were not hungry.

You visited 2 branches of the dungeon, and saw 12 of its levels.

You collected 631 gold pieces.

Inventory:

Hand Weapons
 j - a +0 short sword
 v - a +0 dagger of venom
 N - a +2 short sword of protection
 S - the +8 dagger of Vaudd (weapon) {venom, MP+9 Str+5}
   (You found it on level 10 of the Dungeon)

   It poisons the flesh of those it strikes.
   It affects your strength (+5).
   It affects your magic capacity (+9).
Armour
 a - a +0 robe (worn)
 b - a +0 hat (worn)
 G - a +0 cloak (worn)
Jewellery
 p - an uncursed ring of protection from cold
 r - a +3 ring of protection (right hand)
 s - an uncursed ring of magical power
 x - an amulet of harm (around neck)
 y - an uncursed ring of stealth
 A - a +3 amulet of reflection {unknown}
 H - an uncursed ring of resist corrosion
 J - a ring of protection from fire (left hand)
Wands
 M - a wand of slowing (25/48)
 P - a wand of teleportation (3/9)
 Q - a wand of enslavement (14/24)
Scrolls
 e - 4 scrolls of fog {unknown}
 f - 9 scrolls of identify
 h - 9 scrolls of remove curse {unknown}
 k - a scroll of random uselessness {unknown}
 l - 4 scrolls of enchant weapon {unknown}
 q - 3 scrolls of noise {unknown}
 t - 2 scrolls of blinking {unknown}
 w - a scroll of teleportation {unknown}
 B - 2 scrolls of vulnerability {unknown}
 D - a scroll of immolation {unknown}
 I - a scroll of acquirement {unknown}
 K - a scroll of torment {unknown}
Potions
 g - 2 potions of agility
 i - 2 potions of haste {unknown}
 n - a potion of flight {unknown}
 o - 3 potions of might {unknown}
 z - a potion of ambrosia {unknown}
 C - a potion of magic {unknown}
 E - 2 potions of cure mutation {unknown}
 F - a potion of brilliance {unknown}
 O - a potion of heal wounds {unknown}
 R - a potion of poison {unknown}
 U - a potion of curing
Books
 c - a book of Minor Magic

   Spells                             Type                      Level
   a - Magic Dart                     Conjuration                  1
   b - Blink                          Translocation                2
   c - Call Imp                       Summoning                    2
   d - Repel Missiles                 Charms/Air                   2
   e - Slow                           Hexes                        2
   f - Conjure Flame                  Conjuration/Fire             3
   g - Mephitic Cloud                 Conjuration/Poison/Air       3
Comestibles
 d - 6 bread rations
 m - 6 meat rations
 u - 2 beef jerkies
 L - 4 fruits
 T - 3 chunks of flesh


   Skills:
 - Level 1.7 Dodging
 - Level 1.7 Stealth
 - Level 8.0 Spellcasting
 + Level 11.8 Conjurations
   Level 1.0 Summonings
 - Level 2.6 Translocations
 - Level 8.3 Fire Magic


You had 17 spell levels left.
You knew the following spells:

 Your Spells              Type           Power        Failure   Level  Hunger
a - Magic Dart            Conj           ####         1%          1    None
b - Conjure Flame         Conj/Fire      ######..     1%          3    None
c - Mephitic Cloud        Conj/Pois/Air  ####....     4%          3    None
d - Blink                 Tloc           N/A          3%          2    None


Dungeon Overview and Level Annotations

Branches:
Dungeon (11/15)            Temple (1/1) D:7            Lair (0/8) D:11
    Orc (0/2) D:9

Altars:
Ashenzari
Cheibriados
Dithmenos
Elyvilon
Fedhas
Gozag
Kikubaaqudgha
Makhleb
Nemelex Xobeh
Okawaru
Pakellas
Sif Muna
Trog
Xom
Yredelemnul
Zin
The Shining One

Shops:
D:5 }   D:6 *

Annotations:
D:4 Wallaby3's ghost, amateur HOGl
D:10 Urug


Innate Abilities, Weirdness & Mutations

You have a pair of small antennae on your head.
You are mostly covered in icy blue scales (AC +3, EV -1).
You sometimes gain power by taking damage.


Message History

The magic dart hits something.
Something hits you.
* * * LOW HITPOINT WARNING * * *
Drink which item? (? for menu, Esc to quit)
You feel better. Something hits you but does no damage.
Casting: Magic Dart
Confirm with . or Enter, or press ? or * to list all spells.
You can't see any susceptible monsters within range! (Use Z to cast anyway.) Unknown command.
Casting: Magic Dart
Confirm with . or Enter, or press ? or * to list all spells.
Aiming: Mephitic Cloud
Press: ? - help, Shift-Dir - straight line That beam is likely to hit you.
Continue anyway?
The ball explodes into a vile cloud!
The stinking cloud engulfs something.
The stinking cloud engulfs you!
You hear a bark!
Something hits you.
* * * LOW HITPOINT WARNING * * *
Something hits you!
You die...

#.# #.......#.##.#.#
#.# #.....(.#.# .#
#.# #.......... #
#.####.......#.#
#....#.......#.. $.
####.#.......### ...
#.# #####....
####.#######{§..P...
#........#.§@§......
#!##.#†...P.PPP..PP.
# #.......PP..PP..P


##..P..PPPP.PP.PP #....P†PPPP.P..P ....P.P.P.P.PPP.P. ###...PPPP.PPPP.P.
#...PP..PPP>..P. #.P.Pr....PPP.r There were no monsters in sight!

Vanquished Creatures
  Sonja (D:10)
  2 hill giants
  Joseph (D:10)
  A centaur skeleton (D:11)
  A two-headed ogre (D:9)
  A spriggan (D:7)
  5 yaks (D:9)
  A hungry ghost (D:10)
  7 orc warriors
  A wasp (D:7)
  3 ice beasts (D:6)
  2 black bears
  2 phantoms
  2 sky beasts
  6 centaurs
  9 ogres
  A crocodile (D:7)
  7 giant frogs
  A water moccasin skeleton (D:8)
  A wyvern skeleton (D:10)
  4 killer bees (D:7)
  3 wights (D:8)
  4 crimson imps
  A giant frog zombie (D:10)
  2 centaur zombies (D:10)
  4 orc priests
  2 hounds
  A giant frog skeleton (D:10)
  An iguana (D:8)
  15 orc wizards
  8 worker ants
  2 hound skeletons
  3 worker ant zombies
  7 gnolls
  4 river rats (D:4)
  12 adders
  6 shadow imps
  An ooze (D:3)
  3 adder skeletons
  An adder zombie (D:9)
  2 worms
  6 giant geckos
  60 orcs
  A ball python (D:2)
  12 bats
  6 giant cockroaches
  7 hobgoblins
  13 jackals
  4 quokkas
  A giant cockroach zombie (D:6)
  A giant gecko skeleton (D:6)
  A giant gecko zombie (D:7)
  6 giant newts
  11 goblins
  11 kobolds
  6 rats
287 creatures vanquished.

Vanquished Creatures (others)
  A cyclops (D:11)
  A yak (D:11)
  A centaur (D:11)
  An orc wizard (D:11)
  A worker ant (D:11)
  An orc (D:11)
  A plant (D:4)
7 creatures vanquished.

Grand Total: 294 creatures vanquished

Notes
Turn   | Place    | Note
--------------------------------------------------------------
     0 | D:1      | TheOrbIsALie the Demonspawn Wizard began the quest for the Orb.
     0 | D:1      | Reached XP level 1. HP: 13/13 MP: 4/4
   366 | D:1      | Gained mutation: You have a pair of small antennae on your head. [demonic ancestry]
   366 | D:1      | Reached XP level 2. HP: 19/19 MP: 0/6
   973 | D:1      | Reached XP level 3. HP: 24/24 MP: 4/7
  1369 | D:2      | Learned a level 3 spell: Conjure Flame
  1373 | D:2      | Learned a level 3 spell: Mephitic Cloud
  1724 | D:2      | Gained mutation: You are partially covered in icy blue scales (AC +1). [demonic ancestry]
  1724 | D:2      | Reached XP level 4. HP: 25/30 MP: 4/8
  1734 | D:2      | Reached skill level 4 in Conjurations
  2340 | D:3      | Found a shadowy altar of Dithmenos.
  2483 | D:3      | Found a shimmering altar of Xom.
  2710 | D:3      | Reached XP level 5. HP: 35/35 MP: 9/9
  3082 | D:4      | Reached skill level 5 in Conjurations
  3116 | D:4      | Found a shadowy altar of Dithmenos.
  3517 | D:4      | Noticed Wallaby3's ghost (amateur HOGl)
  3520 | D:4      | Learned a level 2 spell: Blink
  3590 | D:5      | Entered Level 5 of the Dungeon
  3686 | D:5      | Found Veluthry's Gadget Shop.
  3760 | D:5      | Noticed an ogre
  3768 | D:5      | Reached skill level 6 in Conjurations
  3822 | D:5      | Gained mutation: You sometimes gain a little power by taking damage. [demonic ancestry]
  3822 | D:5      | Reached XP level 6. HP: 32/41 MP: 8/10
  4144 | D:5      | Reached skill level 7 in Conjurations
  4533 | D:6      | Found Jatucis's General Store.
  4540 | D:6      | Reached XP level 7. HP: 46/46 MP: 10/12
  4586 | D:6      | Reached skill level 5 in Spellcasting
  4879 | D:6      | Reached XP level 8. HP: 47/52 MP: 11/17
  5828 | D:7      | Reached skill level 8 in Spellcasting
  5841 | D:7      | Found a staircase to the Ecumenical Temple.
  5849 | Temple   | Entered the Ecumenical Temple
  5884 | Temple   | Became a worshipper of Sif Muna the Loreminder
  5910 | D:7      | Reached skill level 1 in Translocations
  6014 | D:7      | Reached skill level 1 in Fire Magic
  6169 | D:7      | Reached * piety under Sif Muna
  6169 | D:7      | Gained mutation: You sometimes gain power by taking damage. [demonic ancestry]
  6169 | D:7      | Reached XP level 9. HP: 46/57 MP: 21/21
  6732 | D:8      | Reached skill level 5 in Fire Magic
  6867 | D:8      | Reached ** piety under Sif Muna
  7025 | D:8      | Found an opulent altar of Gozag.
  7268 | D:8      | Found an oddly glowing altar of Pakellas.
  7571 | D:8      | Found an iron altar of Okawaru.
  8062 | D:9      | Noticed a hill giant
  8092 | D:9      | Killed a hill giant
  8092 | D:9      | Reached *** piety under Sif Muna
  8092 | D:9      | Reached XP level 10. HP: 35/63 MP: 22/22
  8194 | D:9      | Found a glowing golden altar of the Shining One.
  8706 | D:9      | Found a staircase to the Orcish Mines.
  9036 | D:9      | Found an ancient bone altar of Kikubaaqudgha.
  9038 | D:9      | Found a snail-covered altar of Cheibriados.
  9040 | D:9      | Found a shattered altar of Ashenzari.
  9266 | D:9      | Reached **** piety under Sif Muna
  9266 | D:9      | Reached skill level 9 in Conjurations
  9451 | D:9      | Found a bloodstained altar of Trog.
  9526 | D:10     | Entered Level 10 of the Dungeon
  9526 | D:10     | Noticed Urug
  9711 | D:10     | Noticed Sonja
  9737 | D:10     | HP: 2/63 [shadow imp (2)]
 10032 | D:10     | Killed Sonja
 10032 | D:10     | Reached skill level 10 in Conjurations
 10264 | D:10     | Reached ***** piety under Sif Muna
 10464 | D:10     | Found a burning altar of Makhleb.
 10476 | D:10     | Reached skill level 11 in Conjurations
 10681 | D:10     | Got a bone dagger
 10682 | D:10     | Identified the +8 dagger of Vaudd {venom, MP+9 Str+5} (You found it on level 10 of the Dungeon)
 10689 | D:10     | Noticed Joseph
 10709 | D:10     | Killed Joseph
 10709 | D:10     | Gained mutation: You are mostly covered in icy blue scales (AC +3, EV -1). [demonic ancestry]
 10709 | D:10     | Reached XP level 11. HP: 63/68 MP: 23/23
 10931 | D:10     | Noticed a hill giant
 10962 | D:10     | Killed a hill giant
 11104 | D:11     | Found a staircase to the Lair.
 11121 | D:11     | HP: 2/68 [something (6)]
 11123 | D:11     | Slain by an unseen horror

Vault maps used:
D:1:      dpeg_arrival_simpleton_b
D:2:      hangedman_decor_points, minmay_misc_feat_plants, minmay_hedge_maze
D:3:      nicolae_overflow_hidden_temple, lemuel_doored_altar, first_bread,
          serial_bayou_lake_a
D:4:      wad_woods_stonehenge, minivault_25
D:5:      serial_shops, shop, kennysheep_boxes
D:6:      hangedman_cross_stitches, serial_corexii_hall, corexii_hall_statues_i,
          corexii_hall_statues_x, serial_shops, shop, due_unseen_surprise
D:7:      minmay_temple_entry_junction2, the_bakery, minmay_misc_feat_hallway,
          minmay_misc_feat_enclosed
D:8:      nicolae_overflow_crystal_walls, nicolae_gozag_seed_capital,
          kennysheep_mini
D:9:      tso_oasis_becter, overflow_temple_1_default,
          grunt_temple_overflow_diamond, hiddenorc2_lemuel
D:10:     basic_altar, st_stairs_11, uniq_joseph, uniq_sonja, uniq_urug
D:11:     due_lair_maze_entry_diamond, basic_altar, serial_shops, shop,
          xom_confusion_cloud
Temple:   roderic_octagonal_lattice_temple

Action                   |  1- 3 |  4- 6 |  7- 9 | 10-12 || total
-------------------------+-------+-------+-------+-------++-------
Melee: Unarmed           |     6 |       |       |       ||     6
       Short sword       |    46 |     3 |     1 |    42 ||    92
       Dagger            |       |    21 |    29 |    18 ||    68
 Cast: Magic Dart        |    97 |   183 |   380 |   297 ||   957
       Conjure Flame     |       |     4 |    14 |    18 ||    36
       Mephitic Cloud    |       |     2 |    16 |    16 ||    34
Invok: Channel Energy    |       |       |     5 |       ||     5
  Use: Potion            |       |       |       |     4 ||     4
       Scroll            |       |       |       |     1 ||     1
 Stab: Sleeping          |     1 |     5 |       |       ||     6
       Confused          |       |       |     1 |     2 ||     3
  Eat: Chunk             |     2 |     9 |    12 |    10 ||    33
